 Dungeon Crawl Stone Soup version 0.28-a0-998-gb9e9c7b67e (webtiles) character file.

Game seed: 14695498981098645476

1119 demibob the Cutter (level 8, 0/50 HPs)
             Began as a Demonspawn Wanderer on Dec 5, 2021.
             Was a Priest of Hepliaklqana.
             Slain by a centaur (4 damage)
             ... on level 6 of the Dungeon.
             The game lasted 00:06:28 (5399 turns).

demibob the Cutter (Demonspawn Wanderer)            Turns: 5399, Time: 00:06:29

Health: 0/50       AC:  6    Str: 15    XL:     8   Next: 12%
Magic:  8/8        EV: 11    Int: 12    God:    Hepliaklqana [***...]
Gold:   269        SH:  4    Dex: 20    Spells: 7/7 levels left

rFire   . . .      SeeInvis .   a - +3 short sword (venom)
rCold   . . .      Faith    +   (no shield)
rNeg    . . .      Spirit   .   b - +0 ring mail
rPois   .          Reflect  .   (helmet restricted)
rElec   .          Harm     .   (no cloak)
rCorr   .          Rampage  .   (no gloves)
Will    .....                   q - +0 pair of boots
Stlth   +++.......              j - amulet of faith {!P}
HPRegen 0.16/turn               L - ring of flight
MPRegen 0.11/turn               D - +6 ring of dexterity

@: flying
A: reduced essence, antennae 2, condensation shield
a: Renounce Religion, Ancestor Life: Knight, Ancestor Life: Battlemage, Ancestor
Life: Hexer, Recall Ancestor, Ancestor Identity, Transference


You were on level 6 of the Dungeon.
You worshipped Hepliaklqana.
Hepliaklqana was most pleased with you.
You visited 1 branch of the dungeon, and saw 6 of its levels.

You collected 295 gold pieces.
You spent 26 gold pieces at shops.


Innate Abilities, Weirdness & Mutations

Your life essence is reduced to manifest your ancestor. (-10% HP)
You have a pair of antennae on your head.
A meltable shield of frost defends you. (SH +4)


   Skills:
 - Level 2.0 Fighting
 + Level 7.3 Short Blades
 - Level 1.7 Axes
 - Level 1.0 Throwing
 - Level 1.7 Dodging
 + Level 5.6 Stealth


You had 7 spell levels left.
You didn't know any spells.
Your spell library contained the following spells:

 Spells                   Type           Power      Damage    Failure   Level
 Beastly Appendage        Tmut           0%         N/A       54%         1
 Passwall                 Tmut/Erth      0%         N/A       69%         2
 Wereblood                Tmut           0%         N/A       69%         2
 Ignite Poison            Fire/Tmut/Pois 0%         N/A       89%         3
 Mephitic Cloud           Conj/Pois/Air  0%         N/A       89%         3
 Spider Form              Tmut/Pois      0%         N/A       89%         3
 Swiftness                Air            0%         N/A       89%         3
 Freezing Cloud           Conj/Ice/Air   0%         6-21      100%        5

Inventory:

Hand Weapons
 a - a +3 short sword of venom (weapon)
 c - a +0 hand axe
 h - a +2 short sword of speed
Armour
 b - a +0 ring mail (worn)
 q - a +0 pair of boots (worn)
Jewellery
 j - an amulet of faith (around neck) {!P}
 o - an amulet of regeneration
 D - a +6 ring of dexterity (right hand)
 L - a ring of flight (left hand)
Wands
 p - a wand of iceblast (7)
Scrolls
 e - a scroll of fear
 f - 4 scrolls of teleportation {@r2}
 k - a scroll of identify {@r1}
 l - a scroll of enchant weapon
Potions
 d - 2 potions of cancellation
 g - a potion of flight
 i - a potion of invisibility
 m - a potion of attraction
 n - 2 potions of brilliance

Dungeon Overview and Level Annotations

Branches:
Dungeon (6/15)
 Temple: D:4-7

Altars:
Cheibriados
Hepliaklqana

Shops:
D:1 *   D:2 ?(((= D:4

* #.. ... #.##
...# ##..### {
..... ##c.##
+.@R.# #..†.#
. #....# ..
#....# ...
#....#####
....
#........#
.....
+.....##.#
......#..#..##
.......<.....#


You could see the friendly Kendra the ancestor and a centaur (extremely
poisoned, ally target).


Message History

You closely miss the bullfrog zombie.
The bullfrog zombie is severely damaged.
The bullfrog zombie barely misses you.
You puncture the bullfrog zombie!
The bullfrog zombie is almost destroyed.
You feel sick.
Kendra hits the bullfrog zombie.
The bullfrog zombie is destroyed!
You feel sick.
The centaur wields a +0 shortbow.
The centaur shoots an arrow.
The arrow hits you.
* * * LOW HITPOINT WARNING * * *
You feel sick.
The centaur shoots an arrow.
The arrow misses you.
You hit the centaur but do no damage.
The centaur is poisoned.
You feel sick.
You are no longer poisoned.
The centaur unwields a +0 shortbow.
You block the centaur's attack. The centaur closely misses you.
Kendra barely misses the centaur.
You closely miss the centaur.
The centaur is lightly wounded.
The centaur hits you.
* * * LOW HITPOINT WARNING * * *
The centaur barely misses you.
Kendra closely misses the centaur.
You hit the centaur but do no damage.
The centaur looks as sick as possible!
The centaur is lightly wounded.
The centaur hits you.
* * * LOW HITPOINT WARNING * * *
You block the centaur's attack.
Unknown command.
You closely miss the centaur.
The centaur is moderately wounded.
The centaur hits you.
You die...

Skill      XL: |  1  2  3  4  5  6  7 |
---------------+----------------------+-----
Short Blades   | 2 3 4 5 6 7 |  7.3
Stealth        | 2 3 5 |  5.6
Fighting       | |  2.0
Axes           | |  1.7
Throwing       | |  1.0
Dodging        | |  1.7

Action                   |  1- 3 |  4- 6 |  7- 9 || total
-------------------------+-------+-------+-------++-------
Melee: Short sword       |    93 |   121 |    69 ||   283
  Use: Scroll            |     5 |     6 |     2 ||    13
       Potion            |       |     1 |     2 ||     3
 Stab: Sleeping          |       |     4 |     1 ||     5
       Distracted        |       |       |     1 ||     1
Armor: Ring mail         |    24 |    33 |    15 ||    72
Dodge: Dodged            |    32 |    41 |    21 ||    94
Block: Other             |    12 |    21 |    15 ||    48

Levels and vault maps discovered:
D:1:      scummos_arrival_hexagon, layout_loops_corners,
          shapermc_ecumenical_altar_mp_highgroup, serial_shops, shop,
          minmay_misc_feat_plants
D:2:      layout_basic, basic_altar, serial_shops, shop,
          nicolae_shop_bloodbath_and_beyond, shop_coins, nicolae_shop_trees,
          shop, minivault_25
D:3:      layout_basic
D:4:      layout_basic, serial_shops, shop
D:5:      layout_rooms
D:6:      lemuel_ice_spiral_2, layout_basic, temple_statues,
          minmay_ruined_shrine

Notes
Turn   | Place    | Note
-------+----------+-------------------------------------------
     0 | D:1      | demibob the Demonspawn Wanderer began the quest for the
                  | Orb.
     0 | D:1      | demibob set off with the following items: a +2 short sword,
                  | a +0 ring mail, a +0 hand axe
     0 | D:1      | Reached XP level 1. HP: 16/16 MP: 1/1
    75 | D:1      | Reached skill level 2 in Short Blades
   182 | D:1      | Found a faded altar of an unknown god.
   323 | D:1      | Gained mutation: A meltable shield of frost defends you.
                  | (SH +4) [demonic ancestry]
   323 | D:1      | Reached XP level 2. HP: 20/22 MP: 2/2
   571 | D:1      | Found Jirol's General Store.
   577 | D:1      | Bought a scroll of identify for 26 gold pieces
   630 | D:1      | Reached skill level 3 in Short Blades
  1193 | D:1      | Gained mutation: You have a pair of small antennae on your
                  | head. [demonic ancestry]
  1193 | D:1      | Reached XP level 3. HP: 23/27 MP: 3/3
  1263 | D:1      | Prayed at the altar of an unknown god.
  1263 | D:1      | Became a worshipper of Hepliaklqana the Forgotten
  1263 | D:1      | Reached * piety under Hepliaklqana
  1331 | D:2      | Noticed a phantom
  1349 | D:2      | Killed a phantom
  1350 | D:2      | Reached skill level 4 in Short Blades
  1350 | D:2      | Reached XP level 4. HP: 19/29 MP: 4/4
  1485 | D:2      | Found Kyciply's Jewellery Shop.
  1680 | D:2      | Found Ytiem's Weapon Emporium.
  1691 | D:2      | Found Mag Jafi's Weapon Shoppe.
  1694 | D:2      | Found Caegi's Antique Weapon Emporium.
  1747 | D:2      | You fall into a shaft and drop 1 floor!
  1781 | D:3      | Reached XP level 5. HP: 21/34 MP: 5/5
  2257 | D:3      | Reached skill level 5 in Short Blades
  2580 | D:2      | Reached ** piety under Hepliaklqana
  2581 | D:2      | Found Nytir's Magic Scroll Boutique.
  2630 | D:2      | Found a snail-covered altar of Cheibriados.
  3395 | D:4      | Noticed an ogre
  3404 | D:4      | Killed an ogre
  3405 | D:4      | Reached skill level 2 in Stealth
  3405 | D:4      | Gained mutation: You have a pair of antennae on your head.
                  | [demonic ancestry]
  3405 | D:4      | Reached XP level 6. HP: 18/39 MP: 6/6
  3719 | D:4      | Noticed a sky beast
  3734 | D:4      | Killed a sky beast
  3735 | D:4      | Reached skill level 3 in Stealth
  3974 | D:4      | Reached *** piety under Hepliaklqana
  4195 | D:4      | Found Niskailose's Assorted Antiques.
  4397 | D:5      | Entered Level 5 of the Dungeon
  4414 | D:5      | Noticed an ice beast
  4433 | D:5      | Reached skill level 6 in Short Blades
  4433 | D:5      | Reached XP level 7. HP: 19/45 MP: 7/7
  4510 | D:5      | Reached skill level 4 in Stealth
  5380 | D:6      | Reached skill level 7 in Short Blades
  5380 | D:6      | Reached skill level 5 in Stealth
  5385 | D:6      | Reached XP level 8. HP: 33/50 MP: 8/8
  5397 | D:6      | HP: 5/50 [centaur (3)]
  5399 | D:6      | Slain by a centaur

Vanquished Creatures
  A water moccasin (D:6)
  An ice beast (D:5)
  A sky beast (D:4)
  A black bear (D:6)
  An ogre (D:4)
  2 phantoms
  A scorpion (D:5)
  A howler monkey (D:6)
  A bullfrog zombie (D:5)
  A centaur zombie (D:3)
  2 hounds
  A centaur skeleton (D:5)
  2 orc wizards (D:5)
  3 hound skeletons (D:5)
  3 adders
  2 worms
  3 dart slugs
  6 orcs (D:5)
  8 ball pythons
  2 bats (D:2)
  5 endoplasms
  2 giant cockroaches (D:1)
  4 hobgoblins
  2 quokkas
  A frilled lizard (D:3)
  7 goblins
  13 kobolds
  4 rats
81 creatures vanquished.

Vanquished Creatures (collateral kills)
  A bullfrog zombie (D:6)
  A hound zombie (D:5)
  A bat (D:2)
  A quokka (D:4)
4 creatures vanquished.

Vanquished Creatures (others)
  2 ancestors (D:5)
2 creatures vanquished.

Grand Total: 87 creatures vanquished

Table legend: (Time is in decaauts)
 A = Elapsed time spent in this place.
 B = Non-inter-level travel time spent in this place.
 C = Inter-level travel time spent in this place.
 D = Time resting spent in this place.
 E = Time spent auto-exploring this place.
 F = Levels seen in this place.
 G = Mean time per level.
                   A        B        C        D        E       F      G
               +--------+--------+--------+--------+--------+-----+--------+
         Total |   5355 |   5225 |    130 |    595 |   3982 |   6 |  892.5 |
       Dungeon |   5355 |   5225 |    130 |    595 |   3982 |   6 |  892.5 |
               +--------+--------+--------+--------+--------+-----+--------+

Top non-repeatable levels by time:
     D:1: 1289 daAuts
     D:3: 1185 daAuts
     D:4: 1145 daAuts
     D:5: 960 daAuts
     D:2: 749 daAuts
     D:6: 25 daAuts

Table legend:
 A = Non-vault XP
 B = Vault XP
 C = Vault XP percentage of total XP
 D = Non-vault monster count
 E = Vault monster count
 F = Vault count percentage of total count
                 A         B        C        D         E       F
            +---------+---------+-------+---------+---------+-------
      Total |    1599 |       0 |   0.0 |      85 |       0 |   0.0
            +---------+---------+-------+---------+---------+-------
        D:1 |      41 |       0 |   0.0 |      24 |       0 |   0.0
        D:2 |     126 |       0 |   0.0 |      13 |       0 |   0.0
        D:3 |      83 |       0 |   0.0 |      12 |       0 |   0.0
        D:4 |     338 |       0 |   0.0 |      14 |       0 |   0.0
        D:5 |     626 |       0 |   0.0 |      18 |       0 |   0.0
        D:6 |     385 |       0 |   0.0 |       4 |       0 |   0.0
            +---------+---------+-------+---------+---------+-------
